 Dungeon Crawl Stone Soup version 0.31.0-12-g77e489cdc1 (webtiles) character file.

Game seed: 10486270419135750296

959 Peloso the Slasher (level 7, -14/62 HPs)
             Began as a Minotaur Fighter on Feb 16, 2024.
             Was a Believer of Okawaru.
             Killed from afar by an acid dragon (22 damage)
             ... with a splash of acid
             ... on level 5 of the Dungeon.
             The game lasted 00:08:00 (5086 turns).

Peloso the Slasher (Minotaur Fighter)               Turns: 5086, Time: 00:08:00

Health: -14/62     AC: 12    Str: 18 (21) XL:     7   Next: 91%
Magic:  4/6        EV:  6    Int:  3 (5)  God:    Okawaru [**....]
Gold:   256        SH: 10    Dex:  8 (11) Spells: 6/6 levels left

rFire   . . .        a - +0 long sword
rCold   . . .        d - +0 kite shield
rNeg    . . .        o - +0 plate armour
rPois   .            c - +2 hat
rElec   .            (no cloak)
rCorr   .            s - +0 pair of gloves
SInv    .            m - +0 pair of boots
Will    .....        (no amulet) Stlth
                     (no ring)
HPRegen 0.30/turn    (no ring)
MPRegen 0.10/turn

%: no passive effects
@: heroic, corroded, hasted, very quick
A: horns 2, retaliatory headbutt
a: Renounce Religion, Heroism


You were on level 5 of the Dungeon.
You worshipped Okawaru.
Okawaru was pleased with you.
You visited 2 branches of the dungeon, and saw 7 of its levels.

You collected 256 gold pieces.

Inventory:

Hand Weapons
 a - a +0 long sword (weapon)
Missiles
 t - a throwing net (quivered)
Armour
 b - a +0 scale mail
 c - a +2 hat (worn)
 d - a +0 kite shield (worn)
 m - a +0 pair of boots (worn)
 o - a +0 plate armour (worn)
 s - a +0 pair of gloves (worn)
Wands
 p - a wand of charming (9)
Scrolls
 f - 3 scrolls of revelation {unknown}
 g - a scroll of vulnerability {unknown}
 h - 4 scrolls of enchant weapon {unknown}
 i - 2 scrolls of teleportation {unknown}
 k - 5 scrolls of identify {unknown}
 l - a scroll of enchant armour {unknown}
 n - 2 scrolls of noise {unknown}
 q - a scroll of fog {unknown}
 y - a scroll of silence {unknown}
Potions
 j - 2 potions of degeneration
 u - a potion of magic {unknown}
 w - a potion of lignification {unknown}
 x - a potion of haste
 z - a potion of mutation {unknown}


   Skills:
 + Level 5.7(10.7) Fighting
 + Level 7.1(12.1) Long Blades
 + Level 6.8(11.8) Armour
 + Level 1.4(6.4) Dodging
 + Level 0.4(5.4) Stealth
 + Level 5.1(10.1) Shields


You had 6 spell levels left.
You didn't know any spells.
Your spell library contained the following spells:

 Spells                   Type           Power      Damage    Failure   Level
 Sandblast                Erth           0%         2d4       100%        1
 Ensorcelled Hibernation  Hex/Ice        0%         N/A       100%        2
 Passwall                 Erth           0%         N/A       100%        3
 Stone Arrow              Conj/Erth      0%         3d7       100%        3
 Swiftness                Air            0%         N/A       100%        3
 Brom's Barrelling Bould  Conj/Erth      0%         2d3       100%        4


Dungeon Overview and Level Annotations

Branches:
Dungeon (6/15)             Temple (1/1) D:4

Altars:
Ashenzari
Cheibriados
Dithmenos
Elyvilon
Fedhas
Gozag
Hepliaklqana
Kikubaaqudgha
Nemelex Xobeh
Okawaru
Qazlal
Sif Muna
Trog
Uskayaw
Vehumet
Wu Jian
Xom
Yredelemnul
Zin
The Shining One

Shops:
D:3 (


Innate Abilities, Weirdness & Mutations

You have a pair of horns on your head.
You reflexively headbutt those who attack you in melee.


Message History

Your headbutt misses the acid dragon.
The acid dragon bites you but does no damage.
You block the acid dragon's attack.
You hit the acid dragon but do no damage.
Your headbutt misses the acid dragon. The acid dragon bites you.
The acid dragon claws you but does no damage.
You hit the acid dragon but do no damage.
You headbutt the acid dragon, but do no damage.
You block the acid dragon's attack. x2
You hit the acid dragon.
The acid dragon is lightly wounded.
You hit the acid dragon.
You headbutt the acid dragon, but do no damage.
The acid dragon is moderately wounded.
The acid dragon spits acid at you. The splash of acid hits you!
* * * LOW HITPOINT WARNING * * *
The acid corrodes you!
You barely miss the acid dragon.
The acid dragon is moderately wounded.
The acid dragon barely misses you. The acid dragon claws you.
* * * LOW HITPOINT WARNING * * *
You gain the combat prowess of a mighty hero.
The acid dragon bites you but does no damage.
The acid dragon claws you.
* * * LOW HITPOINT WARNING * * *
You barely miss the acid dragon.
The acid dragon is moderately wounded.
You hit the acid dragon but do no damage.
The acid dragon is moderately wounded.
You block the acid dragon's attack.
The acid dragon claws you but does no damage.
You hit the acid dragon but do no damage.
The acid dragon is lightly wounded.
You hit the acid dragon but do no damage.
Your headbutt misses the acid dragon.
The acid dragon is lightly wounded.
The acid dragon spits acid at you. The splash of acid hits you!!
You die...

#§§§§§§§§§.##'########
§§§§§§§§§§§##.#
.§#######§.##.##
..#.#...##.##..##
8.#.#<>..#.###..#
..#.#.#.....###.##
###.#.#...#......#
#.#.#.#...#####)(#
#.#.#.#.......##@#
#.....#..####.##D#
###...........##.#
#######....#####.#
........##.# #.#
##########.# #.#
#.#####.# #.......#
#########


You could see an acid dragon (catching breath).

Vanquished Creatures
  A water moccasin (D:5)
  A black bear (D:5)
  An ice beast (D:5)
  2 ogres (D:5)
  A phantom (D:4)
  A gnoll sergeant (D:5)
  A scorpion (D:4)
  2 orc priests (D:5)
  3 hounds
  An iguana (D:4)
  6 adders
  A shadow imp (D:5)
  2 white imps (D:5)
  A ribbon worm (D:3)
  10 orcs
  5 bats
  11 endoplasms
  2 giant cockroaches (D:1)
  7 goblins
  4 hobgoblins
  5 quokkas
  6 ball pythons
  4 kobolds
  3 rats
81 creatures vanquished.

Notes
Turn   | Place    | Note
-------+----------+-------------------------------------------
     0 | D:1      | Peloso the Minotaur Fighter began the quest for the Orb.
     0 | D:1      | Reached XP level 1. HP: 19/19 MP: 0/0
   262 | D:1      | Reached XP level 2. HP: 27/27 MP: 1/1
   947 | D:2      | Reached XP level 3. HP: 29/33 MP: 2/2
  1012 | D:2      | Found a faded altar of an unknown god.
  1413 | D:2      | Identified the +10 trident of Vais {heavy, rN+}
  2026 | D:3      | Found Usuucs's Antique Weapon Shop.
  2132 | D:3      | Reached XP level 4. HP: 35/40 MP: 3/3
  2133 | D:3      | Found a white marble altar of Elyvilon.
  2133 | D:3      | Found a hide-covered altar of Uskayaw.
  2177 | D:3      | Reached skill level 3 in Long Blades
  2289 | D:3      | Found an ancient bone altar of Kikubaaqudgha.
  2514 | D:3      | Found a glowing golden altar of the Shining One.
  2610 | D:4      | Reached skill level 1 in Dodging
  2711 | D:4      | Found a staircase to the Ecumenical Temple.
  2770 | D:4      | Reached skill level 5 in Armour
  2995 | D:4      | Reached XP level 5. HP: 45/46 MP: 4/4
  3037 | Temple   | Entered the Ecumenical Temple
  3047 | Temple   | Became a worshipper of Warmaster Okawaru
  3127 | D:4      | Reached skill level 4 in Long Blades
  3138 | D:4      | Noticed a phantom
  3148 | D:4      | Killed a phantom
  3149 | D:4      | Reached XP level 6. HP: 53/53 MP: 5/5
  3497 | D:5      | Entered Level 5 of the Dungeon
  3517 | D:5      | Reached skill level 5 in Long Blades
  3554 | D:5      | Reached * piety under Okawaru
  3675 | D:5      | Reached skill level 5 in Fighting
  3675 | D:5      | Reached XP level 7. HP: 25/61 MP: 6/6
  3866 | D:5      | Reached skill level 6 in Long Blades
  4278 | D:5      | Found a faded altar of an unknown god.
  4289 | D:5      | HP: 1/61 [gnoll sergeant/+7 flail (7)]
  4296 | D:5      | Found a hazy altar of Hepliaklqana.
  4484 | D:5      | Reached ** piety under Okawaru
  4485 | D:5      | Reached skill level 5 in Shields
  4920 | D:5      | Reached skill level 7 in Long Blades
  5086 | D:5      | Killed from afar by an acid dragon

Illustrated notes

Levels and vault maps discovered:
D:1:      psy_arrival_whirlpool, layout_basic, dreamdust_wishing_well
D:2:      layout_basic, dreamdust_ecumenical_altar_grove
D:3:      layout_rooms, kiku_gazebo_pond_becter, jmf_multi_god_temple,
          marbit_many_paths, serial_shops, nicolae_diamond_shop
D:4:      layout_basic, temple_doors_e, chequers_serial_rivers_large_a
D:5:      layout_basic, beargit_hepliaklqana_dungeon_heroes,
          hangedman_abyss_or_decor_stagger
D:6:      layout_loops_cross, kennysheep_mini_moat
Temple:   nicolae_temple_bog_church

Skill      XL: |  1  2  3  4  5  6  7 |
---------------+----------------------+-----
Armour         | 4 5 6 |  6.8
Shields        | 4 5 |  5.1
Fighting       | 4 5 |  5.7
Long Blades    | 3 4 5 7 |  7.1
Dodging        | 1 |  1.4
Stealth        | |  0.4

Action                     |  1- 3 |  4- 6 |  7- 9 || total
---------------------------+-------+-------+-------++-------
  Melee: Long sword        |    91 |    94 |    84 ||   269
         Headbutt          |    17 |    17 |    19 ||    53
 Invoke: Heroism           |       |       |     2 ||     2
    Use: Potion            |     5 |       |     6 ||    11
 Armour: Scale mail        |    48 |       |       ||    48
         Chain mail        |    18 |    40 |       ||    58
         Plate armour      |       |    58 |    94 ||   152
  Dodge: Dodged            |    55 |    33 |    20 ||   108
  Block: Buckler           |    27 |    20 |    11 ||    58
         Kite shield       |       |       |    26 ||    26
